 Dungeon Crawl Stone Soup version 0.30.1-11-g7821555f0a (webtiles) character file.

Game seed: 10152210494384446910

107 Penteweren the Ducker (level 4, -10/38 HPs)
             Began as a Gnoll Gladiator on Dec 1, 2023.
             Mangled by a bog mummy (15 damage)
             ... in an ossuary.
             The game lasted 00:04:48 (1149 turns).

Penteweren the Ducker (Gnoll Gladiator)             Turns: 1149, Time: 00:04:49

Health: -10/38     AC:  5    Str: 13    XL:     4   Next: 85%
Magic:  6/14       EV: 14    Int: 10    God:
Gold:   118        SH:  0    Dex: 13    Spells: 3/5 levels left

rFire   . . .        a - +0 quarterstaff (drain)
rCold   . . .        (shield currently unavailable)
rNeg    . . .        b - +0 leather armour
rPois   +            c - +1 helmet
rElec   .            (no cloak)
rCorr   .            (no gloves)
SInv    .            (no boots)
Will    .....        (no amulet)
Stlth   +            h - ring of magical power
HPRegen 0.26/turn    f - ring of poison resistance
MPRegen 0.14/turn

%: no passive effects
@: attractive, on blink cooldown, very slightly contaminated, very slow
A: fangs 1, strong nose, distributed training
a: no special abilities


You were in an ossuary.
You visited 1 branch of the dungeon, and saw 5 of its levels.
You also visited: Ossuary.

You collected 118 gold pieces.

Inventory:

Hand Weapons
 a - a +0 quarterstaff of draining (weapon)
Missiles
 d - 3 throwing nets (quivered)
Armour
 b - a +0 leather armour (worn)
 c - a +1 helmet (worn)
Jewellery
 f - a ring of poison resistance (right hand)
 h - a ring of magical power (left hand)
Scrolls
 k - a scroll of poison {unknown}
Potions
 e - 2 potions of berserk rage
 g - a potion of lignification {unknown}
 i - a potion of curing {unknown}


   Skills:
 + Level 4.7 Fighting
 + Level 1.3 Short Blades
 + Level 1.3 Long Blades
 + Level 1.3 Axes
 + Level 1.3 Maces & Flails
 + Level 1.3 Polearms
 + Level 6.6 Staves
 + Level 1.3 Ranged Weapons
 + Level 4.7 Throwing
 + Level 1.3 Armour
 + Level 6.6 Dodging
 + Level 1.3 Stealth
 + Level 1.3 Shields
 + Level 1.3 Unarmed Combat
 + Level 1.3 Spellcasting
 + Level 1.0 Conjurations
 + Level 1.0 Hexes
 + Level 1.0 Summonings
 + Level 1.0 Necromancy
 + Level 1.0 Translocations
 + Level 1.0 Transmutations
 + Level 1.0 Fire Magic
 + Level 1.0 Ice Magic
 + Level 1.0 Air Magic
 + Level 1.0 Earth Magic
 + Level 1.0 Poison Magic
 + Level 1.4 Invocations
 + Level 1.3 Evocations


You had 3 spell levels left.
You knew the following spells:

 Your Spells              Type           Power      Damage    Failure   Level
a - Blink                 Tloc           4%         N/A       38%         2

Your spell library contained the following spells:

 Spells                   Type           Power      Damage    Failure   Level
 Manifold Assault         Tloc           2%         N/A       95%         4
 Storm Form               Tmut/Air       1%         N/A       100%        7


Dungeon Overview and Level Annotations

Branches:
Dungeon (5/15)            Ossuary (1/1)
 Temple: D:4-7

Altars:


Innate Abilities, Weirdness & Mutations

You have very sharp teeth.
Your uncanny sense of smell can sniff out nearby items.
Your experience applies equally to all skills.


Message History

The mummy closely misses you.
You barely miss the bog mummy.
The bog mummy is severely damaged.
The bog mummy casts a spell at you. The puff of frost misses you.
You hit the bog mummy but do no damage.
The bog mummy is severely damaged.
The mummy hits you!
* * * LOW HITPOINT WARNING * * *
You thump the bog mummy!
You destroy the bog mummy!
Okay, then.
Sorry, you're not good enough to have a special ability.
Unknown command.
Casting: Blink (dangerous; 38% risk of failure)
Confirm with . or Enter, or press ? or * to list all spells.
You miscast Blink.
You are very lightly contaminated with residual magic.
Nothing appears to happen.
The mummy closely misses you.
Unknown command.
Casting: Blink (dangerous; 38% risk of failure)
Confirm with . or Enter, or press ? or * to list all spells.
You miscast Blink.
Nothing appears to happen.
Unknown command.
Casting: Blink (dangerous; 38% risk of failure)
Confirm with . or Enter, or press ? or * to list all spells.
You miscast Blink.
Nothing appears to happen.
The mummy closely misses you.
Unknown command.
Casting: Blink (dangerous; 38% risk of failure)
Confirm with . or Enter, or press ? or * to list all spells.
You blink.
Splash!
You fall into the shallow water.
Moving in this stuff is going to be slow.
A bog mummy comes into view.
It was a potion of attraction.
You feel attractive to monsters.
A water moccasin zombie comes into view.
The bog mummy hits you!
You die...

##########
≈≈≈≈≈#≈≈#
#≈≈≈≈≈#
#@~~≈###
#M#.~P#.#
.~.#.~M#'#+#
.~..~~~.~M~..+
#Z##+# +##~##
+ ∆∆∆ #.§.#
∆∆∆ #.∩.# ∆∆∆
#∩..# #####


You could see a mummy, 2 bog mummies and a water moccasin zombie.

Vanquished Creatures
  A mummy (Ossuary)
  An iguana (D:5)
  An adder (D:2)
  A dart slug (D:1)
  An orc (D:3)
  A ball python (D:3)
  A bat (D:1)
  4 endoplasms (D:3)
  A giant cockroach (D:2)
  2 goblins
  6 hobgoblins
  2 jackals (D:3)
  A kobold (D:1)
  A quokka (D:3)
  2 frilled lizards
  3 rats
29 creatures vanquished.

Vanquished Creatures (collateral kills)
  An adder (D:3)
  An orc (D:3)
  A kobold (D:3)
3 creatures vanquished.

Grand Total: 32 creatures vanquished

Notes
Turn   | Place    | Note
-------+----------+-------------------------------------------
     0 | D:1      | Penteweren the Gnoll Gladiator began the quest for the Orb.
     0 | D:1      | Reached XP level 1. HP: 20/20 MP: 1/1
    91 | D:1      | Reached XP level 2. HP: 26/26 MP: 2/2
   274 | D:2      | Reached XP level 3. HP: 31/31 MP: 3/3
   277 | D:2      | Learned a level 2 spell: Blink
   347 | D:3      | Reached skill level 1 in Invocations
   488 | D:3      | Reached skill level 1 in Short Blades
   488 | D:3      | Reached skill level 1 in Long Blades
   488 | D:3      | Reached skill level 1 in Axes
   488 | D:3      | Reached skill level 1 in Maces & Flails
   488 | D:3      | Reached skill level 1 in Polearms
   488 | D:3      | Reached skill level 1 in Ranged Weapons
   488 | D:3      | Reached skill level 1 in Armour
   488 | D:3      | Reached skill level 1 in Stealth
   488 | D:3      | Reached skill level 1 in Shields
   488 | D:3      | Reached skill level 1 in Unarmed Combat
   488 | D:3      | Reached skill level 1 in Spellcasting
   488 | D:3      | Reached skill level 1 in Evocations
  1080 | D:3      | You fall into a shaft and drop 2 floors!
  1080 | D:5      | Entered Level 5 of the Dungeon
  1092 | D:5      | Reached skill level 1 in Conjurations
  1092 | D:5      | Reached skill level 1 in Hexes
  1092 | D:5      | Reached skill level 1 in Summonings
  1092 | D:5      | Reached skill level 1 in Necromancy
  1092 | D:5      | Reached skill level 1 in Translocations
  1092 | D:5      | Reached skill level 1 in Transmutations
  1092 | D:5      | Reached skill level 1 in Fire Magic
  1092 | D:5      | Reached skill level 1 in Ice Magic
  1092 | D:5      | Reached skill level 1 in Air Magic
  1092 | D:5      | Reached skill level 1 in Earth Magic
  1092 | D:5      | Reached skill level 1 in Poison Magic
  1092 | D:5      | Reached XP level 4. HP: 38/38 MP: 5/5
  1104 | D:5      | Identified the +4 chain mail "Humopp" {Fly Int-5 Dex+8}
  1107 | D:5      | Noticed an ogre
  1111 | D:5      | Found a sand-covered staircase.
  1122 | Ossuary  | Entered an ossuary
  1149 | Ossuary  | Mangled by a bog mummy

Illustrated notes

Levels and vault maps discovered:
D:1:      minmay_arrival_up_and_down, layout_basic
D:2:      layout_basic, kennysheep_generic_room_4, uniq_terence, uniq_jessica
D:3:      layout_basic, minmay_fountain_box
D:4:      layout_cave_pools, elyvilon_altar_5, makhleb_blood_cavern_becter
D:5:      layout_basic, nicolae_ossuary_entry_plus,
          corexii_item_surrounded_by_moat, nicolae_grassy_gnolls
Ossuary:  ossuary_zaba_flooded

Skill      XL: |  1  2  3 |
---------------+----------+-----
Invocations    | 1 |  1.4
Short Blades   | 1 |  1.3
Long Blades    | 1 |  1.3
Axes           | 1 |  1.3
Maces & Flails | 1 |  1.3
Polearms       | 1 |  1.3
Ranged Weapons | 1 |  1.3
Armour         | 1 |  1.3
Stealth        | 1 |  1.3
Shields        | 1 |  1.3
Unarmed Combat | 1 |  1.3
Spellcasting   | 1 |  1.3
Evocations     | 1 |  1.3
Conjurations   | 1 |  1.0
Hexes          | 1 |  1.0
Summonings     | 1 |  1.0
Necromancy     | 1 |  1.0
Translocations | 1 |  1.0
Transmutations | 1 |  1.0
Fire Magic     | 1 |  1.0
Ice Magic      | 1 |  1.0
Air Magic      | 1 |  1.0
Earth Magic    | 1 |  1.0
Poison Magic   | 1 |  1.0
Fighting       | |  4.7
Staves         | |  6.6
Throwing       | |  4.7
Dodging        | |  6.6

Action                     |  1- 3 |  4- 6 || total
---------------------------+-------+-------++-------
  Melee: Quarterstaff      |    59 |    15 ||    74
         Bite              |     4 |     3 ||     7
  Throw: Javelin           |     5 |       ||     5
         Throwing net      |     1 |       ||     1
   Cast: Blink             |       |     1 ||     1
    Use: Scroll            |     7 |       ||     7
         Potion            |       |     1 ||     1
 Armour: Leather armour    |    20 |       ||    20
  Dodge: Dodged            |    36 |     8 ||    44
